| TOP OF THE 1ST |
|
Oklahoma State University Cowboys batting - Pitching for Wichita State University Shockers : RHP Mike Reusch
|
|
Pitching: RHP Mike Reusch
|
|
|
Batting: RHB Settan Nakamura
|
0-0: Ball 1-0: Swinging Strike 1-1: Ball 2-1: Ground out 1-3 (Groundball, 15S, EV 72.5 MPH)
|
|
Batting: LHB Vecdi Ertegun
|
0-0: Swinging Strike 0-1: Ball 1-1: Swinging Strike 1-2: Foul Ball, location: 2F 1-2: Strikes out looking
|
|
Batting: RHB Masakuni Takeuchi
|
0-0: Ball 1-0: Ball 2-0: Foul Ball, location: 2F 2-1: Foul Ball, location: 2F 2-2: Strikes out swinging
|
| Top of the 1st over - 0 runs, 0 hits, 0 errors, 0 left on base; Oklahoma State University 0 - Wichita State University 0 |
| BOTTOM OF THE 1ST |
|
Wichita State University Shockers batting - Pitching for Oklahoma State University Cowboys : RHP Ryan Kominski
|
|
Pitching: RHP Ryan Kominski
|
|
|
Batting: RHB Ryan LeSueur
|
0-0: Called Strike 0-1: Ball 1-1: Foul Ball, location: 2F 1-2: Ground out 6-3 (Groundball, 56, EV 86.9 MPH)
|
|
Batting: RHB Tony Gonzales
|
0-0: SINGLE (Groundball, 6M, EV 100.6 MPH)
|
|
Batting: RHB David Bousfield
|
0-0: DOUBLE (Line Drive, 89D, EV 109.4 MPH) Tony Gonzales to third Runner from 3rd tries for Home, SAFE, throw by RF to home
|
|
Batting: RHB Juan Nieves
|
0-0: Called Strike 0-1: Fly out, F8 (Flyball, 8RXD, EV 87.5 MPH) Runner from 2nd tags up, SAFE at 3rd, no throw by CF
|
|
Batting: RHB Butch Huskey
|
0-0: Foul Ball, location: 2F 0-1: Foul Ball, location: 2F 0-2: Strikes out swinging
|
| Bottom of the 1st over - 1 run, 2 hits, 0 errors, 1 left on base; Oklahoma State University 0 - Wichita State University 1 |
| TOP OF THE 2ND |
|
Oklahoma State University Cowboys batting - Pitching for Wichita State University Shockers : RHP Mike Reusch
|
|
Batting: LHB Rafael Banda
|
0-0: Fly out, F9 (Flyball, 9D, EV 100.0 MPH)
|
|
Pitching: RHP Finlay Clamp
|
|
|
Batting: RHB Ji-an See-to
|
0-0: Foul Ball, location: 2F 0-1: Ball 1-1: Swinging Strike 1-2: Foul Ball, location: 2F 1-2: Ground out 6-3 (Groundball, 6, EV 88.8 MPH)
|
|
Pitching: LHP Tyler Thackeray
|
|
|
Batting: RHB Oscar Hernandez
|
0-0: Ball 1-0: Ball 2-0: Foul Ball, location: 2F 2-1: Ball 3-1: Base on Balls
|
|
Batting: RHB Pedro Luera
|
0-0: Ball 1-0: Foul Ball, location: 2F 1-1: Foul Ball, location: 2F 1-2: Ball 2-2: Ball 3-2: Strikes out looking
|
| Top of the 2nd over - 0 runs, 0 hits, 0 errors, 1 left on base; Oklahoma State University 0 - Wichita State University 1 |
| BOTTOM OF THE 2ND |
|
Wichita State University Shockers batting - Pitching for Oklahoma State University Cowboys : RHP Ryan Kominski
|
|
Batting: RHB Larry Berge
|
0-0: Bunt for hit to 2R - play at first, batter OUT! 2-3
|
|
Batting: RHB Juan Mercado
|
0-0: Ball 1-0: Swinging Strike 1-1: Called Strike 1-2: Strikes out swinging
|
|
Batting: RHB Jonathan Bruni
|
0-0: Called Strike 0-1: Ball 1-1: Fly out, F8 (Flyball, 8LD, EV 96.2 MPH)
|
| Bottom of the 2nd over - 0 runs, 0 hits, 0 errors, 0 left on base; Oklahoma State University 0 - Wichita State University 1 |
| TOP OF THE 3RD |
|
Oklahoma State University Cowboys batting - Pitching for Wichita State University Shockers : LHP Tyler Thackeray
|
|
Batting: RHB Hidemitsu Matsuno
|
0-0: Ball 1-0: Foul Ball, location: 2F 1-1: Called Strike 1-2: Foul Ball, location: 2F 1-2: Ball 2-2: Strikes out swinging
|
|
Batting: RHB Alex Montiel
|
0-0: Fly out, F3 (Popup, 3F, EV 83.8 MPH)
|
|
Batting: RHB Settan Nakamura
|
0-0: Fly out, F8 (Flyball, 8LD, EV 77.5 MPH)
|
| Top of the 3rd over - 0 runs, 0 hits, 0 errors, 0 left on base; Oklahoma State University 0 - Wichita State University 1 |
| BOTTOM OF THE 3RD |
|
Wichita State University Shockers batting - Pitching for Oklahoma State University Cowboys : RHP Ryan Kominski
|
|
Batting: RHB Aaron Sartini
|
0-0: Ball 1-0: Called Strike 1-1: Foul Ball, location: 2F 1-2: Strikes out swinging
|
|
Batting: RHB Ryan LeSueur
|
0-0: Bunt for hit to 25 - play at first, batter safe!
|
|
Batting: RHB Tony Gonzales
|
0-0: Ball 1-0: Ball 2-0: DOUBLE (Line Drive, 9LS, EV 105.0 MPH) Ryan LeSueur to third Runner from 3rd tries for Home, SAFE, throw by RF to trailing runner, SAFE at third!
|
|
Batting: RHB David Bousfield
|
0-0: Called Strike 0-1: Ball 1-1: Ball 2-1: Ball 3-1: 2-RUN HOME RUN (Flyball, 7D, EV 99.4 MPH), Distance : 381 ft
|
|
Batting: RHB Juan Nieves
|
0-0: Called Strike 0-1: Ball 1-1: Foul Ball, location: 2F 1-2: Strikes out swinging
|
|
Batting: RHB Butch Huskey
|
0-0: Ball 1-0: Foul Ball, location: 2F 1-1: Called Strike 1-2: SINGLE (Line Drive, 4D, EV 107.5 MPH)
|
|
Batting: RHB Larry Berge
|
0-0: Ball 1-0: Ball 2-0: Called Strike 2-1: Foul Ball, location: 2F 2-2: Foul Ball, location: 2F 2-2: Ball 3-2: Strikes out swinging
|
| Bottom of the 3rd over - 3 runs, 4 hits, 0 errors, 1 left on base; Oklahoma State University 0 - Wichita State University 4 |
| TOP OF THE 4TH |
|
Oklahoma State University Cowboys batting - Pitching for Wichita State University Shockers : LHP Tyler Thackeray
|
|
Batting: LHB Vecdi Ertegun
|
0-0: Swinging Strike 0-1: Foul Ball, location: 2F 0-2: Ball 1-2: Ball 2-2: Strikes out swinging
|
|
Batting: RHB Masakuni Takeuchi
|
0-0: Ball 1-0: Ball 2-0: Ball 3-0: Called Strike 3-1: Base on Balls
|
|
Batting: LHB Rafael Banda
|
0-0: Ball 1-0: DOUBLE (Line Drive, 89D, EV 105.0 MPH) Masakuni Takeuchi to third Runner from 3rd tries for Home, SAFE, throw by RF to home
|
|
Batting: RHB Ji-an See-to
|
0-0: Ball 1-0: SINGLE (Line Drive, 7S, EV 103.8 MPH) Rafael Banda to third Runner from 3rd tries for Home, SAFE, throw by LF to home
|
|
Pitching: RHP Dan Corrow
|
|
|
Batting: RHB Oscar Hernandez
|
0-0: Fly out, F4 (Popup, 34, EV 80.0 MPH)
|
|
Batting: RHB Pedro Luera
|
0-0: SINGLE (Line Drive, 6MD, EV 96.2 MPH) Ji-an See-to to second
|
|
Batting: RHB Hidemitsu Matsuno
|
0-0: Ball 1-0: Called Strike 1-1: Ball 2-1: Ball 3-1: Fly out, F8 (Flyball, 78S, EV 85.0 MPH)
|
| Top of the 4th over - 2 runs, 3 hits, 0 errors, 2 left on base; Oklahoma State University 2 - Wichita State University 4 |
| BOTTOM OF THE 4TH |
|
Wichita State University Shockers batting - Pitching for Oklahoma State University Cowboys : RHP Ryan Kominski
|
|
Batting: RHB Juan Mercado
|
0-0: Swinging Strike 0-1: Fly out, F9 (Flyball, 9LS, EV 85.6 MPH)
|
|
Batting: RHB Jonathan Bruni
|
0-0: Fly out, F3 (Line Drive, 34, EV 71.9 MPH)
|
|
Batting: RHB Aaron Sartini
|
0-0: Foul Ball, location: 2F 0-1: Called Strike 0-2: Ball 1-2: Ball 2-2: Foul Ball, location: 2F 2-2: Foul Ball, location: 2F 2-2: Fly out, F9 (Flyball, 89D, EV 104.4 MPH)
|
| Bottom of the 4th over - 0 runs, 0 hits, 0 errors, 0 left on base; Oklahoma State University 2 - Wichita State University 4 |
| TOP OF THE 5TH |
|
Oklahoma State University Cowboys batting - Pitching for Wichita State University Shockers : RHP Dan Corrow
|
|
Batting: RHB Alex Montiel
|
0-0: Ball 1-0: Ground out 4-3 (Groundball, 4S, EV 67.5 MPH)
|
|
Batting: RHB Settan Nakamura
|
0-0: Called Strike 0-1: Foul Ball, location: 2F 0-2: Fly out, F8 (Flyball, 89D, EV 102.5 MPH)
|
|
Batting: LHB Vecdi Ertegun
|
0-0: Ground out U3 (Groundball, 3S, EV 70.6 MPH)
|
| Top of the 5th over - 0 runs, 0 hits, 0 errors, 0 left on base; Oklahoma State University 2 - Wichita State University 4 |
| BOTTOM OF THE 5TH |
|
Wichita State University Shockers batting - Pitching for Oklahoma State University Cowboys : RHP Ryan Kominski
|
|
Batting: RHB Ryan LeSueur
|
0-0: Ball 1-0: Called Strike 1-1: Ball 2-1: SINGLE (Flyball, 89S, EV 91.2 MPH)
|
|
Batting: RHB Tony Gonzales
|
0-0: Sac Bunt to 25 - play at first, batter OUT! 5-3 Ryan LeSueur to second
|
|
Batting: RHB David Bousfield
|
0-0: Foul Ball, location: 2F 0-1: Swinging Strike 0-2: Ball 1-2: Ball 2-2: Ball 3-2: Foul Ball, location: 2F 3-2: Strikes out looking
|
|
Batting: RHB Juan Nieves
|
0-0: Foul Ball, location: 3F, Error on foul ball, E3 0-1: Swinging Strike 0-2: Foul Ball, location: 2F 0-2: Strikes out swinging
|
| Bottom of the 5th over - 0 runs, 1 hit, 1 error, 1 left on base; Oklahoma State University 2 - Wichita State University 4 |
| TOP OF THE 6TH |
|
Oklahoma State University Cowboys batting - Pitching for Wichita State University Shockers : RHP Dan Corrow
|
|
Batting: RHB Masakuni Takeuchi
|
0-0: Called Strike 0-1: Ball 1-1: Fly out, F7 (Line Drive, 7S, EV 98.8 MPH)
|
|
Batting: LHB Rafael Banda
|
0-0: Ball 1-0: Fly out, F7 (Flyball, 78M, EV 89.4 MPH)
|
|
Batting: RHB Ji-an See-to
|
0-0: Called Strike 0-1: Fly out, F8 (Line Drive, 8LD, EV 94.4 MPH)
|
| Top of the 6th over - 0 runs, 0 hits, 0 errors, 0 left on base; Oklahoma State University 2 - Wichita State University 4 |
| BOTTOM OF THE 6TH |
|
Wichita State University Shockers batting - Pitching for Oklahoma State University Cowboys : RHP Ryan Kominski
|
|
Batting: RHB Butch Huskey
|
0-0: Called Strike 0-1: SOLO HOME RUN (Flyball, 7D, EV 95.6 MPH), Distance : 384 ft
|
|
Pitching: RHP Carlos Segura
|
|
|
Batting: RHB Larry Berge
|
0-0: Ball 1-0: Foul Ball, location: 2F 1-1: Ball 2-1: Swinging Strike 2-2: Strikes out looking
|
|
Batting: RHB Juan Mercado
|
0-0: Called Strike 0-1: SOLO HOME RUN (Flyball, 7LD, EV 89.4 MPH), Distance : 338 ft
|
|
Batting: RHB Jonathan Bruni
|
0-0: Ball 1-0: Called Strike 1-1: Ball 2-1: Foul Ball, location: 2F 2-2: Foul Ball, location: 2F 2-2: Ball 3-2: Foul Ball, location: 2F 3-2: Base on Balls
|
|
Batting: RHB Aaron Sartini
|
0-0: Ball 1-0: Called Strike 1-1: Fielders Choice at 2nd, 5-4 (Groundball, 5S, EV 83.1 MPH)
|
|
Batting: RHB Ryan LeSueur
|
0-0: Ball 1-0: Called Strike 1-1: Ball 2-1: Ball 3-1: Called Strike 3-2: Ground out 5-3 (Groundball, 56, EV 109.4 MPH)
|
| Bottom of the 6th over - 2 runs, 2 hits, 0 errors, 1 left on base; Oklahoma State University 2 - Wichita State University 6 |
| TOP OF THE 7TH |
|
Oklahoma State University Cowboys batting - Pitching for Wichita State University Shockers : RHP Dan Corrow
|
|
Pitching: RHP Fikre Taalib
|
|
|
Batting: RHB Oscar Hernandez
|
0-0: Foul Ball, location: 2F 0-1: Ground out 6-3 (Groundball, 56D, EV 106.2 MPH)
|
|
Batting: RHB Pedro Luera
|
0-0: Foul Ball, location: 2F 0-1: Foul Ball, location: 2F 0-2: Ball 1-2: Foul Ball, location: 2F 1-2: SINGLE (Groundball, 6, EV 94.4 MPH)
|
|
Batting: RHB Hidemitsu Matsuno
|
0-0: Foul Ball, location: 2F 0-1: Called Strike 0-2: Ball 1-2: Strikes out swinging
|
|
Batting: RHB Alex Montiel
|
0-0: Swinging Strike 0-1: Called Strike 0-2: Foul Ball, location: 2F 0-2: Ball 1-2: Ball 2-2: Foul Ball, location: 2F 2-2: Strikes out swinging
|
| Top of the 7th over - 0 runs, 1 hit, 0 errors, 1 left on base; Oklahoma State University 2 - Wichita State University 6 |
| BOTTOM OF THE 7TH |
|
Wichita State University Shockers batting - Pitching for Oklahoma State University Cowboys : RHP Carlos Segura
|
|
Pitching: RHP Chris Nightingale
|
|
|
Batting: RHB Tony Gonzales
|
0-0: Called Strike 0-1: Fly out, F8 (Line Drive, 8LM, EV 93.1 MPH)
|
|
Batting: RHB David Bousfield
|
0-0: Foul Ball, location: 2F 0-1: Swinging Strike 0-2: Ball 1-2: Ball 2-2: DOUBLE (Flyball, 8LXD, EV 100.6 MPH)
|
|
Batting: RHB Juan Nieves
|
0-0: DOUBLE (Line Drive, 9LM, EV 86.9 MPH) David Bousfield scores
|
|
Batting: RHB Butch Huskey
|
0-0: Ball 1-0: Swinging Strike 1-1: Fly out, F7 (Flyball, 78S, EV 93.1 MPH)
|
|
Batting: RHB Larry Berge
|
0-0: Fly out, F7 (Flyball, 7LS, EV 81.2 MPH)
|
| Bottom of the 7th over - 1 run, 2 hits, 0 errors, 1 left on base; Oklahoma State University 2 - Wichita State University 7 |
| TOP OF THE 8TH |
|
Oklahoma State University Cowboys batting - Pitching for Wichita State University Shockers : RHP Fikre Taalib
|
|
Pinch Hitting: RHB Ivan Torres
|
0-0: Ball 1-0: Ball 2-0: Ball 3-0: Called Strike 3-1: Base on Balls
|
|
Batting: LHB Vecdi Ertegun
|
0-0: Ball 1-0: Foul Ball, location: 2F 1-1: Ball 2-1: Ball 3-1: Called Strike 3-2: Base on Balls Ivan Torres to second
|
|
Pitching: RHP Cortez Restrepo
|
|
|
Batting: RHB Masakuni Takeuchi
|
0-0: Ball 1-0: Grounds into double play, 4-6-3 (Groundball, 4, EV 96.2 MPH) Ivan Torres to third
|
|
Batting: LHB Rafael Banda
|
0-0: Fly out, F8 (Line Drive, 8LM, EV 87.5 MPH)
|
| Top of the 8th over - 0 runs, 0 hits, 0 errors, 1 left on base; Oklahoma State University 2 - Wichita State University 7 |
| BOTTOM OF THE 8TH |
|
Wichita State University Shockers batting - Pitching for Oklahoma State University Cowboys : RHP Chris Nightingale
|
|
Now at 2B: Ivan Torres
|
|
|
Batting: RHB Juan Mercado
|
0-0: Called Strike 0-1: Ball 1-1: Ball 2-1: Foul Ball, location: 2F 2-2: DOUBLE (Line Drive, 9LM, EV 100.6 MPH)
|
|
Batting: RHB Jonathan Bruni
|
0-0: Swinging Strike 0-1: Ball 1-1: Foul Ball, location: 2F 1-2: Ball 2-2: Ball Wild Pitch! Juan Mercado to third 3-2: SINGLE (Flyball, 8LS, EV 85.6 MPH) Juan Mercado scores
|
|
Batting: RHB Aaron Sartini
|
0-0: Fly out, F8 (Flyball, 8RM, EV 83.1 MPH)
|
|
Batting: RHB Ryan LeSueur
|
0-0: Foul Ball, location: 2F 0-1: Grounds into double play, 5-4-3 (Groundball, 56S, EV 88.8 MPH)
|
| Bottom of the 8th over - 1 run, 2 hits, 0 errors, 0 left on base; Oklahoma State University 2 - Wichita State University 8 |
| TOP OF THE 9TH |
|
Oklahoma State University Cowboys batting - Pitching for Wichita State University Shockers : RHP Cortez Restrepo
|
|
Batting: RHB Ji-an See-to
|
0-0: Called Strike 0-1: Swinging Strike 0-2: Ball 1-2: Ball 2-2: Foul Ball, location: 2F 2-2: Strikes out looking
|
|
Pinch Hitting: RHB Armando Moreno
|
0-0: Ball 1-0: Ground out 5-3 (Groundball, 56S, EV 87.5 MPH)
|
|
Batting: RHB Pedro Luera
|
0-0: Ball 1-0: Swinging Strike 1-1: Called Strike 1-2: Strikes out looking
|
| Top of the 9th over - 0 runs, 0 hits, 0 errors, 0 left on base; Oklahoma State University 2 - Wichita State University 8 |
|